 Dungeon Crawl Stone Soup version 0.22.0 (webtiles) character file.

3679 HaroldButt the Martial Artist (level 10, -2/53 HPs)
             Began as a Vine Stalker Monk on Aug 10, 2018.
             Was a Believer of Ru.
             Slain by a hornet (6 damage)
             ... on level 8 of the Dungeon on Aug 11, 2018.
             The game lasted 00:46:13 (6578 turns).

HaroldButt the Martial Artist (Vine Stalker Monk)   Turns: 6578, Time: 00:46:14

Health: -2/53      AC: 11    Str: 17    XL:     10   Next: 13%
Magic:  0/11       EV: 10    Int: 10    God:    Ru [**....]
Gold:   280        SH:  0    Dex: 17    Spells: 9/9 levels left

rFire    . . .     SeeInvis .     - Unarmed
rCold    . . .     Gourm    .   (no shield)
rNeg     . . .     Faith    .   c - +0 chain mail
rPois    .         Spirit   +   (no helmet)
rElec    .         Reflect  .   (no cloak)
rCorr    .         Harm     .   (no gloves)
MR       ++...                  h - +0 pair of boots
Stlth    ..........             (no amulet)
HPRegen  0.57/turn              s - ring of protection from magic
MPRegen  0.12/turn              (no ring)

@: slowed, very slow
A: fangs 3, regeneration 1, magic shield, antimagic bite, no potion heal 3, rot
immunity, no stealth, no conjurations magic, no hexes magic, no poison magic
a: Renounce Religion


You were on level 8 of the Dungeon.
You worshipped Ru.
Ru was pleased with you.
You were not hungry.

You visited 2 branches of the dungeon, and saw 10 of its levels.

You collected 377 gold pieces.
You spent 97 gold pieces at shops.


Innate Abilities, Weirdness & Mutations

You have razor-sharp teeth.
Your natural rate of healing is unusually fast.
When hurt, damage is shared between your health and your magic reserves.
Your bite disrupts and absorbs the magic of your enemies.
Potions cannot restore your health.
You are immune to rotting.
You cannot be stealthy.
You cannot study or cast Conjurations magic.
You cannot study or cast Hexes magic.
You cannot study or cast Poison magic.


   Skills:
 - Level 6.0 Fighting
 - Level 6.0 Armour
 + Level 5.9 Dodging
 - Level 9.0 Unarmed Combat


You had 9 spell levels left.
You didn't know any spells.
Your spell library was empty.

Inventory:

Armour
 c - a +0 chain mail (worn)
 g - a +0 ring mail
 h - a +0 pair of boots (worn)
Jewellery
 i - an uncursed ring of fire
 s - a ring of protection from magic (left hand)
 u - an uncursed ring of ice
Wands
 k - a wand of digging (24)
 m - a wand of paralysis (9)
 q - a wand of acid (5)
Scrolls
 a - 2 scrolls of magic mapping
 j - a scroll of identify {@r1}
 l - a scroll of enchant weapon
 n - a scroll of holy word
 p - a scroll of remove curse
 r - a scroll of teleportation {@r4}
Potions
 d - 2 potions of curing {@q1}
 e - a potion of mutation {!q}
 f - 3 potions of brilliance
 o - 4 potions of flight
Comestibles
 b - 14 rations

Dungeon Overview and Level Annotations

Branches:
Dungeon (9/15)             Temple (1/1) D:5
   Lair: D:8-11         Orc: D:9-12

Altars:
Ashenzari
Cheibriados
Elyvilon
Gozag
Makhleb
Qazlal
Ru
Sif Muna
Uskayaw
Wu Jian
Xom
Zin
The Shining One

Shops:
D:6 *

Annotations:
D:8 Harold

▒▒...▒ ..▒▒ ..▒
▒.▒ .▒ .▒
▒▒▒▒▒▒▒▒▒ ▒▒
▒.......▒
▒▒▒▒▒▒▒.▒▒▒▒▒.▒
▒....yf.▒▒▒▒▒.▒
...▒.▒▒[.......▒
▒▒..▒.▒▒.▒
▒..▒.▒▒.▒
▒.......▒ ▒▒▒▒
▒▒.▒▒.▒.▒ ▒.. ..
▒......▒ ▒.▒ .▒
▒▒▒▒.▒▒▒
▒▒.▒▒▒.▒ ▒ . ▒.▒


You could see a hornet.


Message History

The hornet stings you.
* * * LOW HITPOINT WARNING * * *
You feel as though you will be slow longer.
The hornet stings you but does no damage.
You barely miss the hornet. You bite the hornet. You drain its power.
You feel invigorated.
The hornet is lightly wounded.
The hornet completely misses you.
You punch the hornet! Your bite misses the hornet.
The hornet is moderately wounded.
The hornet closely misses you. The hornet stings you!
* * * LOW HITPOINT WARNING * * *
You are poisoned.
You feel as though you will be slow longer.
The hornet stings you but does no damage.
Your system rejects the healing.
You feel better. The hornet stings you!
* * * LOW HITPOINT WARNING * * *
You are poisoned.
You feel as though you will be slow longer.
The hornet barely misses you.
Your system rejects the healing.
You feel better. The hornet stings you.
You die...

Action                   |  1- 3 |  4- 6 |  7- 9 | 10-12 || total
-------------------------+-------+-------+-------+-------++-------
Melee: Unarmed           |   125 |   208 |   410 |    55 ||   798
       Bite              |    27 |    53 |   136 |    18 ||   234
       Punch             |     1 |     7 |    14 |     1 ||    23
Invok: Sacrifice Stealth |       |       |     1 |       ||     1
       Sacrifice Arcana  |       |       |     1 |       ||     1
Evoke: Wand              |       |       |       |     1 ||     1
  Use: Scroll            |     7 |     8 |     5 |     3 ||    23
       Potion            |       |     1 |     3 |     3 ||     7
 Stab: Sleeping          |     5 |       |       |       ||     5
       Invisible         |       |       |     2 |       ||     2
  Eat: Chunk             |     2 |     5 |     8 |     2 ||    17
       Ration            |       |       |     1 |       ||     1
Armor: Robe              |    11 |       |       |       ||    11
       Ring mail         |    14 |     6 |       |       ||    20
       Chain mail        |       |   111 |   185 |    26 ||   322
       Skin              |       |       |     3 |       ||     3
Dodge: Dodged            |    62 |    90 |   143 |    33 ||   328

Vault maps used:
D:1:      eino_arrival_tree_alley, st_stairs_5
D:2:      gammafunk_temple_overflow_claw, nicolae_gozag_seed_capital,
          first_ration, grunt_decor_cap
D:4:      minmay_crystal_water, grunt_decor_mini_mirrors
D:5:      temple_pool_b
D:6:      nicolae_good_shop, uniq_grinder
D:8:      nicolae_overflow_hidden_temple,
          chequers_temple_overflow_statue_of_worship, uniq_harold
D:9:      dpeg_oklobed_lair, david_orc_2, uniq_joseph
Temple:   regret_index_temple_generic_petals

Notes
Turn   | Place    | Note
-------+----------+-------------------------------------------
     0 | D:1      | HaroldButt the Vine Stalker Monk began the quest for the Orb.
     0 | D:1      | Reached XP level 1. HP: 11/11 MP: 2/2
   128 | D:1      | Reached XP level 2. HP: 14/16 MP: 3/3
   420 | D:1      | Reached skill level 4 in Unarmed Combat
   543 | D:1      | Reached XP level 3. HP: 8/19 MP: 2/4
  1296 | D:2      | Found an opulent altar of Gozag.
  1402 | D:2      | Gained mutation: Your natural rate of healing is unusually fast. [Vine Stalker growth]
  1402 | D:2      | Reached XP level 4. HP: 22/23 MP: 5/5
  1442 | D:2      | Found a shattered altar of Ashenzari.
  1442 | D:2      | Found a shimmering altar of Xom.
  1443 | D:2      | Found a hide-covered altar of Uskayaw.
  1501 | D:2      | Reached skill level 5 in Unarmed Combat
  1666 | D:3      | Paralysed by a hobgoblin for 2 turns
  1676 | D:3      | Paralysed by a hobgoblin for 5 turns
  1802 | D:3      | Reached XP level 5. HP: 27/27 MP: 6/6
  1887 | D:3      | Reached skill level 6 in Unarmed Combat
  1895 | D:3      | Reached skill level 3 in Fighting
  2072 | D:3      | Reached skill level 1 in Armour
  2072 | D:3      | Reached XP level 6. HP: 32/32 MP: 7/7
  2324 | D:4      | Reached skill level 2 in Armour
  2619 | D:4      | Reached skill level 3 in Armour
  2925 | D:5      | Entered Level 5 of the Dungeon
  2934 | D:5      | Reached skill level 3 in Dodging
  2934 | D:5      | Reached XP level 7. HP: 14/36 MP: 4/8
  3547 | D:5      | Found a staircase to the Ecumenical Temple.
  3591 | Temple   | Entered the Ecumenical Temple
  3620 | Temple   | Became a worshipper of Ru the Awakened
  3633 | Temple   | Gained mutation: You cannot be stealthy. [Ru sacrifice]
  3633 | Temple   | Reduced skill Stealth to level 0
  3669 | D:5      | Noticed a hungry ghost
  3676 | D:5      | Killed a hungry ghost
  3676 | D:5      | Reached skill level 7 in Unarmed Combat
  3883 | D:5      | Reached skill level 4 in Fighting
  3883 | D:5      | Gained mutation: You have razor-sharp teeth. [Vine Stalker growth]
  3883 | D:5      | Reached XP level 8. HP: 33/42 MP: 9/9
  4459 | D:6      | Reached skill level 4 in Armour
  4506 | D:6      | Noticed Grinder
  4509 | D:6      | Paralysed by Grinder for 4 turns
  4519 | D:6      | Killed Grinder
  4519 | D:6      | Reached skill level 4 in Dodging
  4574 | D:6      | Reached skill level 5 in Fighting
  4588 | D:6      | Noticed an angel
  4589 | D:6      | Found Coixtuca's Hallowed Reliquary.
  4600 | D:6      | Found a glowing golden altar of the Shining One.
  4607 | D:6      | Bought a scroll of holy word for 97 gold pieces
  5018 | D:7      | Reached skill level 8 in Unarmed Combat
  5018 | D:7      | Reached XP level 9. HP: 47/47 MP: 10/10
  5204 | D:7      | Reached skill level 5 in Armour
  5343 | D:7      | Reached skill level 5 in Dodging
  5725 | D:8      | Reached skill level 6 in Fighting
  5738 | D:8      | Gained mutation: You cannot study or cast Poison magic. [Ru sacrifice]
  5738 | D:8      | Gained mutation: You cannot study or cast Hexes magic. [Ru sacrifice]
  5738 | D:8      | Gained mutation: You cannot study or cast Conjurations magic. [Ru sacrifice]
  5738 | D:8      | Reached * piety under Ru
  5738 | D:8      | Reached ** piety under Ru
  5765 | D:8      | Reached skill level 9 in Unarmed Combat
  5846 | D:8      | Found a snail-covered altar of Cheibriados.
  5847 | D:8      | Found a deep blue altar of Sif Muna.
  5847 | D:8      | Noticed Harold
  6034 | D:9      | Reached XP level 10. HP: 30/53 MP: 6/11
  6036 | D:9      | Reached skill level 6 in Armour
  6219 | D:9      | Paralysed by a hornet for 2 turns
  6224 | D:9      | HP: 4/53 [hornet (4)]
  6342 | D:8      | Found a stormy altar of Qazlal.
  6570 | D:8      | Paralysed by a hornet for 3 turns
  6577 | D:8      | HP: 3/53 [hornet (4)]
  6578 | D:8      | Slain by a hornet

Vanquished Creatures
  Grinder (D:6)
  A hippogriff (D:8)
  A hungry ghost (D:5)
  A water moccasin (D:8)
  3 ice beasts
  A black bear (D:6)
  A sky beast (D:8)
  2 phantoms
  3 centaurs
  4 ogres
  A big kobold (D:7)
  A bullfrog (D:9)
  4 scorpions
  2 wights (D:8)
  4 howler monkeys
  3 crimson imps
  A bullfrog zombie (D:6)
  A centaur zombie (D:8)
  A quasit (D:9)
  3 hounds
  5 orc priests
  A centaur skeleton (D:6)
  2 iguanas
  7 orc wizards
  5 worker ants
  2 killer bee zombies
  2 hound zombies
  A hound skeleton (D:5)
  A howler monkey zombie (D:5)
  A worker ant zombie (D:7)
  6 gnolls
  11 adders
  2 shadow imps
  4 worms
  3 dart slugs
  6 leopard geckos
  20 orcs
  5 bats
  10 giant cockroaches
  6 goblins
  6 hobgoblins
  25 jackals
  3 quokkas
  5 ball pythons
  6 frilled lizards
  12 kobolds
  10 rats
206 creatures vanquished.

Vanquished Creatures (others)
  An orc warrior (D:9)
  An orc (D:8)
2 creatures vanquished.

Grand Total: 208 creatures vanquished
